TOP OF THE 1ST |
Chattanooga Chinpokomon batting - Pitching for Havana Rollers : RHP Chris Marshall
|
Pitching: RHP Chris Marshall
|
|
Batting: RHB Luis Antonio Velásquez
|
0-0: Called Strike 0-1: Swinging Strike 0-2: Ball 1-2: Strikes out swinging
|
Batting: RHB Ramiro Chávez
|
0-0: Ball 1-0: Called Strike 1-1: Foul Ball, location: 2F 1-2: Foul Ball, location: 2F 1-2: Fly out, F9 (Flyball, 89S)
|
Batting: RHB Robert Buckley
|
0-0: Fly out, F6 (Popup, 6MD)
|
Top of the 1st over - 0 run(s), 0 hit(s), 0 error(s), 0 left on base; Chattanooga 0 - Havana 0 |
BOTTOM OF THE 1ST |
Havana Rollers batting - Pitching for Chattanooga Chinpokomon : LHP Félix García
|
Pitching: LHP Félix García
|
|
Batting: RHB Jesús Villalobos
|
0-0: Ball 1-0: Ball 2-0: Ball 3-0: Base on Balls
|
Batting: RHB Francisco Rincón
|
0-0: Ball 1-0: Ball 2-0: Fly out, F9 (Line Drive, 89M)
|
Batting: RHB Brant Sherman
|
0-0: Called Strike 0-1: Foul Ball, location: 2F 0-2: Fly out, F8 (Line Drive, 8RM)
|
Batting: LHB Juan Romero
|
0-0: SINGLE (Flyball, 7LS) Jesús Villalobos to second
|
Batting: RHB León Rivera
|
0-0: Ball 1-0: Ball 2-0: Foul Ball, location: 2F 2-1: Called Strike 2-2: Strikes out swinging
|
Bottom of the 1st over - 0 run(s), 1 hit(s), 0 error(s), 2 left on base; Chattanooga 0 - Havana 0 |
TOP OF THE 2ND |
Chattanooga Chinpokomon batting - Pitching for Havana Rollers : RHP Chris Marshall
|
Batting: RHB Jesús Tisnado
|
0-0: Ball 1-0: Ball 2-0: Foul Ball, location: 2F 2-1: Foul Ball, location: 2F 2-2: Fly out, F5 (Popup, 5D)
|
Batting: RHB Cristo García
|
0-0: Fly out, F4 (Popup, 4D)
|
Batting: RHB Ichizo Akiyama
|
0-0: Ball 1-0: Foul Ball, location: 2F 1-1: Foul Ball, location: 2F 1-2: Foul Ball, location: 2F 1-2: Foul Ball, location: 2F 1-2: Foul Ball, location: 2F 1-2: Ground out 4-3 (Groundball, 4)
|
Top of the 2nd over - 0 run(s), 0 hit(s), 0 error(s), 0 left on base; Chattanooga 0 - Havana 0 |
BOTTOM OF THE 2ND |
Havana Rollers batting - Pitching for Chattanooga Chinpokomon : LHP Félix García
|
Batting: RHB Brian Jackson
|
0-0: Called Strike 0-1: Foul Ball, location: 2F 0-2: Ball 1-2: Fly out, F3 (Popup, 3L)
|
Batting: RHB Soshu Nakamura
|
0-0: Called Strike 0-1: Foul Ball, location: 2F 0-2: Ball 1-2: Ball 2-2: Ground out 6-3 (Groundball, 6)
|
Batting: RHB Luis Aguilar
|
0-0: Called Strike 0-1: Ball 1-1: Ball 2-1: Called Strike 2-2: Ball 3-2: Foul Ball, location: 2F 3-2: Strikes out swinging
|
Bottom of the 2nd over - 0 run(s), 0 hit(s), 0 error(s), 0 left on base; Chattanooga 0 - Havana 0 |
TOP OF THE 3RD |
Chattanooga Chinpokomon batting - Pitching for Havana Rollers : RHP Chris Marshall
|
Batting: LHB Martin Davis
|
0-0: Swinging Strike 0-1: Ball 1-1: Fly out, F7 (Flyball, 78S)
|
Batting: RHB Kyung-bok Cho
|
0-0: Ball 1-0: Ball 2-0: Ball 3-0: Base on Balls
|
Batting: RHB José Martínez
|
0-0: Called Strike Kyung-bok Cho is caught stealing 2nd base 0-1: Called Strike 0-2: Foul Ball, location: 2F 0-2: Ball 1-2: Foul Ball, location: 2F 1-2: Strikes out swinging
|
Top of the 3rd over - 0 run(s), 0 hit(s), 0 error(s), 0 left on base; Chattanooga 0 - Havana 0 |
BOTTOM OF THE 3RD |
Havana Rollers batting - Pitching for Chattanooga Chinpokomon : LHP Félix García
|
Batting: LHB José Torres
|
0-0: Ball 1-0: Called Strike 1-1: Foul Ball, location: 2F 1-2: Ball 2-2: Strikes out swinging
|
Batting: RHB Jesús Villalobos
|
0-0: Ball 1-0: DOUBLE (Groundball, 3D)
|
Batting: RHB Francisco Rincón
|
0-0: Fly out, F4 (Popup, 4)
|
Batting: RHB Brant Sherman
|
0-0: Called Strike 0-1: Ball 1-1: Ground out 4-3 (Groundball, 4)
|
Bottom of the 3rd over - 0 run(s), 1 hit(s), 0 error(s), 1 left on base; Chattanooga 0 - Havana 0 |
TOP OF THE 4TH |
Chattanooga Chinpokomon batting - Pitching for Havana Rollers : RHP Chris Marshall
|
Batting: RHB Luis Antonio Velásquez
|
0-0: Foul Ball, location: 2F 0-1: Called Strike 0-2: Ball 1-2: Foul Ball, location: 2F 1-2: Strikes out swinging
|
Batting: RHB Ramiro Chávez
|
0-0: Ball 1-0: Swinging Strike 1-1: Ball 2-1: Called Strike 2-2: Fly out, F8 (Flyball, 8RD)
|
Batting: RHB Robert Buckley
|
0-0: Called Strike 0-1: Ball 1-1: Swinging Strike 1-2: Strikes out swinging
|
Top of the 4th over - 0 run(s), 0 hit(s), 0 error(s), 0 left on base; Chattanooga 0 - Havana 0 |
BOTTOM OF THE 4TH |
Havana Rollers batting - Pitching for Chattanooga Chinpokomon : LHP Félix García
|
Batting: LHB Juan Romero
|
0-0: Called Strike 0-1: Foul Ball, location: 2F 0-2: Foul Ball, location: 2F 0-2: Foul Ball, location: 2F 0-2: Ground out 4-3 (Groundball, 4)
|
Batting: RHB León Rivera
|
0-0: Ball 1-0: Ground out 6-3 (Groundball, 6)
|
Batting: RHB Brian Jackson
|
0-0: Ball 1-0: SINGLE (Groundball, P) (infield hit)
|
Batting: RHB Soshu Nakamura
|
0-0: Called Strike 0-1: Ball 1-1: SINGLE (Flyball, 9LM) Brian Jackson to second Runner from 2nd tries for 3rd, OUT!
|
Bottom of the 4th over - 0 run(s), 2 hit(s), 0 error(s), 1 left on base; Chattanooga 0 - Havana 0 |
TOP OF THE 5TH |
Chattanooga Chinpokomon batting - Pitching for Havana Rollers : RHP Chris Marshall
|
Batting: RHB Jesús Tisnado
|
0-0: Called Strike 0-1: Ball 1-1: Ball 2-1: Ball 3-1: Swinging Strike 3-2: SINGLE (Groundball, 6MD)
|
Batting: RHB Cristo García
|
0-0: Ball 1-0: SINGLE (Flyball, 7S) Jesús Tisnado to second
|
Batting: RHB Ichizo Akiyama
|
0-0: Grounds into double play, 6-4-3 (Groundball, 6) Jesús Tisnado to third
|
Batting: LHB Martin Davis
|
0-0: Ball 1-0: Foul Ball, location: 2F 1-1: Swinging Strike 1-2: Strikes out swinging
|
Top of the 5th over - 0 run(s), 2 hit(s), 0 error(s), 1 left on base; Chattanooga 0 - Havana 0 |
BOTTOM OF THE 5TH |
Havana Rollers batting - Pitching for Chattanooga Chinpokomon : LHP Félix García
|
Batting: RHB Luis Aguilar
|
0-0: Called Strike 0-1: DOUBLE (Line Drive, 7LM)
|
Batting: LHB José Torres
|
0-0: Ball 1-0: Ball 2-0: Swinging Strike 2-1: Ground out 3-1 (Groundball, 34S) Luis Aguilar to third
|
Batting: RHB Jesús Villalobos
|
0-0: Swinging Strike 0-1: Ball 1-1: Fly out, F7 (Flyball, 78M)
|
Batting: RHB Francisco Rincón
|
0-0: Called Strike 0-1: Called Strike 0-2: Strikes out swinging
|
Bottom of the 5th over - 0 run(s), 1 hit(s), 0 error(s), 1 left on base; Chattanooga 0 - Havana 0 |
TOP OF THE 6TH |
Chattanooga Chinpokomon batting - Pitching for Havana Rollers : RHP Chris Marshall
|
Batting: RHB Kyung-bok Cho
|
0-0: Called Strike 0-1: Ball 1-1: Foul Ball, location: 2F 1-2: Fly out, F8 (Flyball, 8RS)
|
Batting: RHB José Martínez
|
0-0: Ball 1-0: Foul Ball, location: 2F 1-1: SINGLE (Line Drive, 34D)
|
Batting: RHB Luis Antonio Velásquez
|
0-0: Called Strike 0-1: Fly out, F9 (Flyball, 9LMF)
|
Batting: RHB Ramiro Chávez
|
0-0: Ball 1-0: Ball 2-0: Foul Ball, location: 2F 2-1: Fly out, F9 (Flyball, 9S)
|
Top of the 6th over - 0 run(s), 1 hit(s), 0 error(s), 1 left on base; Chattanooga 0 - Havana 0 |
BOTTOM OF THE 6TH |
Havana Rollers batting - Pitching for Chattanooga Chinpokomon : LHP Félix García
|
Batting: RHB Brant Sherman
|
0-0: Ball 1-0: Ball 2-0: Ground out 4-3 (Groundball, 4S)
|
Batting: LHB Juan Romero
|
0-0: Ball 1-0: Ball 2-0: Ball 3-0: Base on Balls
|
Batting: RHB León Rivera
|
0-0: Ball 1-0: Called Strike 1-1: Foul Ball, location: 2F 1-2: Strikes out looking
|
Batting: RHB Brian Jackson
|
0-0: Called Strike 0-1: Ground out 4-3 (Groundball, 4M)
|
Bottom of the 6th over - 0 run(s), 0 hit(s), 0 error(s), 1 left on base; Chattanooga 0 - Havana 0 |
TOP OF THE 7TH |
Chattanooga Chinpokomon batting - Pitching for Havana Rollers : RHP Chris Marshall
|
Batting: RHB Robert Buckley
|
0-0: Ball 1-0: Ball 2-0: Called Strike 2-1: Ball 3-1: Foul Ball, location: 2F 3-2: Foul Ball, location: 2F 3-2: Strikes out looking
|
Batting: RHB Jesús Tisnado
|
0-0: Ball 1-0: Ball 2-0: Fly out, F9 (Flyball, 9LSF)
|
Batting: RHB Cristo García
|
0-0: Foul Ball, location: 2F 0-1: Called Strike 0-2: Fly out, F7 (Flyball, 7)
|
Top of the 7th over - 0 run(s), 0 hit(s), 0 error(s), 0 left on base; Chattanooga 0 - Havana 0 |
BOTTOM OF THE 7TH |
Havana Rollers batting - Pitching for Chattanooga Chinpokomon : LHP Félix García
|
Batting: RHB Soshu Nakamura
|
0-0: Called Strike 0-1: Swinging Strike 0-2: Ball 1-2: Strikes out looking
|
Pinch Hitting: RHB Paul Bailey
|
0-0: Called Strike 0-1: Ball 1-1: SINGLE (Groundball, 34D)
|
Pitching: LHP Henry Barton
|
|
Pinch Hitting: SHB Yasuhiro Ikarashi
|
0-0: Ball 1-0: Ball 2-0: Foul Ball, location: 2F 2-1: SINGLE (Line Drive, 8LM) Paul Bailey to second
|
Batting: RHB Jesús Villalobos
|
0-0: Called Strike 0-1: Ball Passed Ball! Paul Bailey to third Yasuhiro Ikarashi to second 1-1: Ball 2-1: Ball 3-1: Swinging Strike 3-2: Fly out, F2 (Popup, 2R)
|
Batting: RHB Francisco Rincón
|
0-0: Foul Ball, location: 2F 0-1: Ball 1-1: Called Strike 1-2: Ball 2-2: Ball 3-2: Foul Ball, location: 2F 3-2: Foul Ball, location: 2F 3-2: Foul Ball, location: 2F 3-2: Base on Balls
|
Batting: RHB Brant Sherman
|
0-0: Ball 1-0: Foul Ball, location: 2F 1-1: Foul Ball, location: 2F 1-2: Strikes out looking
|
Bottom of the 7th over - 0 run(s), 2 hit(s), 0 error(s), 3 left on base; Chattanooga 0 - Havana 0 |
TOP OF THE 8TH |
Chattanooga Chinpokomon batting - Pitching for Havana Rollers : RHP Chris Marshall
|
Now at 1B: Yasuhiro Ikarashi
|
|
Now in LF: Paul Bailey
|
|
Batting: RHB Ichizo Akiyama
|
0-0: Ball 1-0: Fly out, F7 (Flyball, 7)
|
Pinch Hitting: RHB Armando Cuevas
|
0-0: Swinging Strike 0-1: Called Strike 0-2: Fly out, F9 (Flyball, 89M)
|
Pitching: RHP Augusto Muñíz
|
|
Pinch Hitting: LHB Mario Cornelo
|
0-0: Ball 1-0: Ball 2-0: Called Strike 2-1: Swinging Strike 2-2: Ball 3-2: Strikes out swinging
|
Top of the 8th over - 0 run(s), 0 hit(s), 0 error(s), 0 left on base; Chattanooga 0 - Havana 0 |
BOTTOM OF THE 8TH |
Havana Rollers batting - Pitching for Chattanooga Chinpokomon : LHP Henry Barton
|
Now in CF: Donald White
|
|
Now in RF: Manuel Ortega
|
|
Pinch Hitting: RHB Yaichiro Sugahara
|
0-0: SOLO HOME RUN (Flyball, 78XD), Distance : 421 ft
|
Batting: RHB León Rivera
|
0-0: Foul Ball, location: 2F 0-1: Ground out 6-3 (Groundball, 6)
|
Batting: RHB Brian Jackson
|
0-0: Foul Ball, location: 2F 0-1: Called Strike 0-2: Strikes out swinging
|
Batting: RHB Soshu Nakamura
|
0-0: Ball 1-0: Ball 2-0: Called Strike 2-1: Ball 3-1: Base on Balls
|
Batting: RHB Paul Bailey
|
0-0: Fielders Choice at 2nd, 5-4 (Groundball, 5L)
|
Bottom of the 8th over - 1 run(s), 1 hit(s), 0 error(s), 0 left on base; Chattanooga 0 - Havana 1 |
TOP OF THE 9TH |
Chattanooga Chinpokomon batting - Pitching for Havana Rollers : RHP Augusto Muñíz
|
Pitching: RHP Valentín Luna
|
|
Now at SS: Chad Case
|
|
Pinch Hitting: SHB Roberto Rivera
|
0-0: DOUBLE (Line Drive, 9LM)
|
Batting: RHB Luis Antonio Velásquez
|
0-0: Foul Ball, location: 2F 0-1: Called Strike 0-2: Ball 1-2: Strikes out swinging
|
Batting: RHB Ramiro Chávez
|
0-0: Called Strike 0-1: Ball 1-1: Foul Ball, location: 2F 1-2: Ball 2-2: Ball 3-2: Ground out 6-3 (Groundball, 6)
|
Batting: RHB Robert Buckley
|
0-0: Ball 1-0: Called Strike 1-1: Foul Ball, location: 2F 1-2: Fly out, F4 (Popup, 34D)
|
Top of the 9th over - 0 run(s), 1 hit(s), 0 error(s), 1 left on base; Chattanooga 0 - Havana 1 |
|